 Dungeon Sprint DCSS version 0.27-a0-1332-g84bddb5ca7 (webtiles) character file.

Game seed: 17097243911691330994

10464 mhtbhm the Bludgeoner (level 11, -9/84 HPs)
             Began as a Gargoyle Berserker on June 25, 2021.
             Was the Champion of Trog.
             Mangled by an orc knight (25 damage)
             ... in the Dungeon (Sprint IX: "|||||||||||||||||||||||||||||").
             The game lasted 00:02:43 (1580 turns).

mhtbhm the Bludgeoner (Gargoyle Berserker)          Turns: 1580, Time: 00:02:43

Health: -9/84      AC: 27    Str: 23    XL:     11   Next: 62%
Magic:  11/11      EV: 11    Int:  9    God:    Trog [******]
Gold:   709        SH:  0    Dex: 12    Spells: 10/10 levels left

rFire    . . .     SeeInvis .   a - +2 great mace (flame)
rCold    . . .     Faith    .   (shield currently unavailable)
rNeg     + . .     Spirit   .   b - +1 chain mail
rPois    ∞         Reflect  .   t - +0 helmet
rElec    +         Harm     .   l - +0 cloak
rCorr    .         Rampage  .   k - +0 pair of gloves
Will     .....     NoTele   +   (no boots)
Stlth    ..........             (no amulet)
HPRegen  0.24/turn              m - +2 ring of protection
MPRegen  0.12/turn              n - +3 ring of dexterity

@: on berserk cooldown, slowed, very slow
A: sickness immunity, AC +8, negative energy resistance 1, electricity
resistance, torment resistance 1, petrification resistance
a: Renounce Religion, Berserk, Trog's Hand, Brothers in Arms


You were in the Dungeon.
You worshipped Trog.
Trog was exalted by your worship.
You visited 1 branch You collected 709 gold pieces.

Inventory:

Hand Weapons
 a - a +2 great mace of flaming (weapon)
Missiles
 u - 4 curare-tipped darts
Armour
 b - a +1 chain mail (worn)
 k - a +0 pair of gloves (worn)
 l - a +0 cloak (worn)
 t - a +0 helmet (worn)
Jewellery
 m - a +2 ring of protection (left hand)
 n - a +3 ring of dexterity (right hand)
Wands
 i - a wand of flame (24)
 j - a wand of iceblast (8)
Scrolls
 h - a scroll of blinking
 q - 2 scrolls of identify
 r - 6 scrolls of enchant weapon
 s - 2 scrolls of enchant armour
Potions
 c - 6 potions of curing
 d - 2 potions of heal wounds
 e - a potion of haste
 f - 4 potions of magic
 g - a potion of berserk rage
 o - 2 potions of might
 p - a potion of resistance
 v - a potion of invisibility


   Skills:
 + Level 16.4 Fighting
 + Level 18.9 Maces & Flails
 + Level 10.2 Armour
 + Level 7.5 Dodging
 + Level 3.1 Stealth
 + Level 0.9 Evocations


You had 10 spell levels left.
You didn't know any spells.
Your spell library was empty.

Dungeon Overview and Level Annotations

Branches:
Dungeon (1/1)

Altars:
Cheibriados
Dithmenos
Elyvilon
Fedhas
Gozag
Hepliaklqana
Kikubaaqudgha
Makhleb
Nemelex Xobeh
Okawaru
Qazlal
Ru
Sif Muna
Trog
Uskayaw
Vehumet
Wu Jian
Xom
Yredelemnul
Zin
The Shining One
Beogh
Jiyva
Lugonu


Innate Abilities, Weirdness & Mutations

You are immune to sickness and miasma.
Your stone body is resilient. (AC +8)
You are immune to poison.
You resist negative energy. (rN+)
You are resistant to electric shocks. (rElec)
You are resistant to unholy torment.
You are immune to petrification.


Message History

The orc knight hits you but does no damage.
You hit the orc knight but do no damage.
The orc knight is moderately wounded.
You bludgeon the orc knight!! You burn the orc knight.
The orc knight is severely wounded.
The orc knight hits you but does no damage.
You bludgeon the orc knight!! You burn the orc knight!
You kill the orc knight!
Trog accepts your kill.
An orc warrior comes into view.
It is wielding a +0 battleaxe and wearing a +1 plate armour of cold resistance.
The orc warrior shouts!
The orc knight hits you with a +0 battleaxe!!
The orc warrior hits you from afar with a +0 trident!
Items here: $ ) [ †.
You barely miss the orc knight. You closely miss the orc knight.
You are no longer berserk.
You are exhausted.
You feel yourself slow down. The orc knight closely misses you.
The orc warrior hits you from afar with a +0 trident!
You are too injured to fight recklessly!
You are too injured to fight recklessly!
You are too injured to fight recklessly!
You are too injured to fight recklessly!
You are too injured to fight recklessly!
You are too injured to fight recklessly!
You are too injured to fight recklessly!
You are too injured to fight recklessly!
You are too injured to fight recklessly!
You are too injured to fight recklessly!
You are too injured to fight recklessly!
You are too injured to fight recklessly!
Unknown command.
Your stone giant goes berserk!
The orc knight hits you with a +0 battleaxe!!
* * * LOW HITPOINT WARNING * * *
Unknown command.
The orc warrior no longer looks unusually strong.
The orc knight hits you with a +0 battleaxe!!
You die...

▓)▓.▓÷▓.▓_▓
▓)▓.▓)▓.▓_▓
▓.▓.▓÷▓.▓_▓
▓.▓.▓.▓.▓_▓
▓.▓.▓.▓.▓_▓
▓.▓.▓.▓.▓_▓
▓.▓.▓.▓.▓_▓
▓C▓.▓.▓.▓_▓
▓@▓.▓.▓.▓_▓
▓o▓.▓.▓.▓_▓
▓o▓.▓.▓.▓_▓
▓$▓.▓)▓.▓_▓
▓o▓.▓†▓.▓_▓
▓o▓.▓†▓.▓_▓
▓o▓.▓.▓.▓_▓
▓o▓.▓.▓.▓_▓
▓o▓.▓.▓.▓_▓


You could see 2 orc knights, 4 orc warriors and a friendly stone giant
(summoned, berserk).

Vanquished Creatures
  A hydra (D)
  A centaur warrior (D)
  2 orc high priests (D)
  A death yak (D)
  Sonja (D)
  An orc knight (D)
  2 deep elf pyromancers (D)
  A lindwurm (D)
  Maurice (D)
  A cane toad (D)
  A gargoyle (D)
  5 komodo dragons (D)
  A rime drake (D)
  A tyrant leech (D)
  A troll (D)
  2 blink frogs (D)
  2 yaks (D)
  A wraith (D)
  A basilisk (D)
  3 water moccasins (D)
  3 orc warriors (D)
  A necrophage (D)
  An ogre (D)
  A wolf (D)
  2 centaurs (D)
  A bullfrog (D)
  A killer bee (D)
  A hound (D)
  4 orc wizards (D)
  An adder (D)
  An adder zombie (D)
  6 worms (D)
  6 orcs (D)
  An endoplasm (D)
  A kobold (D)
  2 frilled lizards (D)
  A quokka zombie (D)
  A rat (D)
65 creatures vanquished.

Notes
Turn   | Place    | Note
-------+----------+-------------------------------------------
     0 | D        | mhtbhm the Gargoyle Berserker began the quest for the Orb.
     0 | D        | Reached XP level 1. HP: 14/14 MP: 1/1
     8 | D        | Reached ** piety under Trog
   144 | D        | Noticed a hound
   144 | D        | Noticed a necrophage
   144 | D        | Noticed an ogre
   147 | D        | Killed a hound
   148 | D        | Reached skill level 5 in Fighting
   148 | D        | Reached skill level 4 in Maces & Flails
   148 | D        | Reached XP level 2. HP: 21/21 MP: 2/2
   148 | D        | Reached XP level 3. HP: 26/26 MP: 3/3
   150 | D        | Reached *** piety under Trog
   151 | D        | Reached skill level 5 in Maces & Flails
   156 | D        | Killed a necrophage
   157 | D        | Reached skill level 7 in Maces & Flails
   157 | D        | Reached skill level 1 in Stealth
   157 | D        | Reached XP level 4. HP: 32/32 MP: 4/4
   157 | D        | Reached XP level 5. HP: 37/37 MP: 5/5
   160 | D        | Killed an ogre
   161 | D        | Reached skill level 8 in Maces & Flails
   202 | D        | Found a snail-covered altar of Cheibriados.
   202 | D        | Found a shadowy altar of Dithmenos.
   202 | D        | Found a white marble altar of Elyvilon.
   202 | D        | Found a blossoming altar of Fedhas.
   202 | D        | Found an opulent altar of Gozag.
   203 | D        | Found a hazy altar of Hepliaklqana.
   204 | D        | Found a viscous altar of Jiyva.
   205 | D        | Found an ancient bone altar of Kikubaaqudgha.
   206 | D        | Found a corrupted altar of Lugonu.
   207 | D        | Found a burning altar of Makhleb.
   208 | D        | Found a sparkling altar of Nemelex Xobeh.
   209 | D        | Found an iron altar of Okawaru.
   210 | D        | Found a stormy altar of Qazlal.
   211 | D        | Found a sacrificial altar of Ru.
   212 | D        | Found a shimmering blue altar of Sif Muna.
   213 | D        | Found a bloodstained altar of Trog.
   214 | D        | Found a hide-covered altar of Uskayaw.
   215 | D        | Found a radiant altar of Vehumet.
   216 | D        | Found an ornate altar of the Wu Jian Council.
   217 | D        | Found a shimmering altar of Xom.
   218 | D        | Found a basalt altar of Yredelemnul.
   219 | D        | Found a glowing silver altar of Zin.
   220 | D        | Found a glowing golden altar of the Shining One.
   344 | D        | Noticed a komodo dragon
   344 | D        | Noticed a centaur
   344 | D        | Noticed an orc warrior
   344 | D        | Noticed a centaur
   349 | D        | Killed a komodo dragon
   349 | D        | Reached **** piety under Trog
   350 | D        | Reached skill level 10 in Maces & Flails
   350 | D        | Reached skill level 5 in Dodging
   350 | D        | Reached XP level 6. HP: 47/47 MP: 6/6
   350 | D        | Reached XP level 7. HP: 51/51 MP: 7/7
   358 | D        | Reached skill level 5 in Armour
   360 | D        | Reached skill level 10 in Fighting
   364 | D        | Reached skill level 11 in Maces & Flails
   366 | D        | Reached ***** piety under Trog
   450 | D        | Noticed a wraith
   450 | D        | Noticed a troll
   450 | D        | Noticed a centaur warrior
   450 | D        | Noticed a deep elf pyromancer
   450 | D        | Noticed a deep elf pyromancer
   450 | D        | Noticed a gargoyle
   455 | D        | Killed a wraith
   456 | D        | Reached XP level 8. HP: 59/59 MP: 8/8
   458 | D        | Killed a troll
   459 | D        | Reached skill level 12 in Maces & Flails
   464 | D        | Killed a centaur warrior
   464 | D        | Received a gift from Trog
   465 | D        | Reached skill level 13 in Maces & Flails
   465 | D        | Reached XP level 9. HP: 65/65 MP: 9/9
   467 | D        | Killed a gargoyle
   474 | D        | Killed a deep elf pyromancer
   475 | D        | Reached skill level 14 in Maces & Flails
   482 | D        | Killed a deep elf pyromancer
   483 | D        | Reached skill level 15 in Maces & Flails
   678 | D        | Noticed a komodo dragon
   678 | D        | Noticed a komodo dragon
   678 | D        | Noticed a komodo dragon
   680 | D        | Noticed a rime drake
   685 | D        | Killed a komodo dragon
   690 | D        | Killed a komodo dragon
   691 | D        | Reached XP level 10. HP: 73/73 MP: 10/10
   695 | D        | Received a gift from Trog
   702 | D        | Reached ****** piety under Trog
   703 | D        | Reached skill level 16 in Maces & Flails
   939 | D        | Noticed a cane toad
   939 | D        | Noticed a six-headed hydra
   941 | D        | Noticed a death yak
   943 | D        | Killed a cane toad
   945 | D        | Killed a six-headed hydra
   945 | D        | Received a gift from Trog
   946 | D        | Reached skill level 17 in Maces & Flails
  1001 | D        | Killed a death yak
  1002 | D        | Reached XP level 11. HP: 80/80 MP: 11/11
  1006 | D        | Reached skill level 15 in Fighting
  1060 | D        | Noticed a lindwurm
  1062 | D        | Identified the +1 dire flail of Uninam {antimagic, Fly
                  | rElec rF- rN+} (Trog gifted it to you in the Dungeon)
  1062 | D        | Received a gift from Trog
  1067 | D        | Killed a lindwurm
  1085 | D        | Reached skill level 18 in Maces & Flails
  1249 | D        | Noticed Sonja
  1254 | D        | Killed Sonja
  1254 | D        | Received a gift from Trog
  1293 | D        | Noticed Maurice
  1298 | D        | Killed Maurice
  1385 | D        | Noticed an orc high priest
  1399 | D        | Killed an orc high priest
  1400 | D        | Reached skill level 10 in Armour
  1400 | D        | Received a gift from Trog
  1417 | D        | Received a gift from Trog
  1561 | D        | Noticed an orc high priest
  1561 | D        | Noticed an orc knight
  1561 | D        | Noticed an orc knight
  1569 | D        | Killed an orc high priest
  1570 | D        | Noticed an orc knight
  1575 | D        | Killed an orc knight
  1580 | D        | Mangled by an orc knight

Illustrated notes

Levels and vault maps discovered:
D:        linesprint [early_d, line_temple, items_1, d_10, items_2, lair_1,
          lair_end, items_3, orc_1, orc_end, items_4, d_15, swamp_1, shoals_1,
          snake_1, spider_1, d_20, vaults_1, items_5, swamp_end, shoals_end,
          snake_end, spider_end, vaults_end, d_27, items_6, zot_1, zot_end,
          crypt_end, forest_end, elf_end, slime_end, tomb_end, abyss_end,
          pan_hell_end]

Skill      XL: |  1  2  3  4  5  6  7  8  9 10 11 |
---------------+----------------------------------+-----
Fighting       | 5 6 9 10 12 13 14 16 | 16.4
Maces & Flails | 4 7 10 11 13 15 17 18 | 18.9
Armour         | 3 4 5 6 7 9 10 | 10.2
Dodging        | 2 3 5 6 7 |  7.5
Stealth        | 1 2 3 |  3.1
Evocations     | |  0.9

Action                   |  1- 3 |  4- 6 |  7- 9 | 10-12 || total
-------------------------+-------+-------+-------+-------++-------
Melee: Mace              |    21 |     5 |       |       ||    26
       Morningstar       |       |     4 |    54 |    57 ||   115
       Great mace        |       |       |       |    66 ||    66
Invok: Berserk           |     1 |     1 |     2 |     5 ||     9
       Brothers in Arms  |       |       |       |     1 ||     1
Evoke: Wand              |       |       |       |     2 ||     2
  Use: Potion            |       |       |     1 |     1 ||     2
       Scroll            |       |       |     1 |       ||     1
Armor: Animal skin       |     2 |       |       |       ||     2
       Chain mail        |       |       |    25 |    33 ||    58
Dodge: Dodged            |     9 |     1 |    24 |    27 ||    61

Table legend: (Time is in decaauts)
 A = Elapsed time spent in this place.
 B = Non-inter-level travel time spent in this place.
 C = Inter-level travel time spent in this place.
 D = Time resting spent in this place.
 E = Time spent auto-exploring this place.
 F = Levels seen in this place.
 G = Mean time per level.
                   A        B        C        D        E       F      G
               +--------+--------+--------+--------+--------+-----+--------+
         Total |   1592 |   1592 |      0 |    920 |    210 |   1 | 1592.0 |
       Dungeon |   1592 |   1592 |      0 |    920 |    210 |   1 | 1592.0 |
               +--------+--------+--------+--------+--------+-----+--------+

Top non-repeatable levels by time:
       D: 1592 daAuts
